 Dungeon Sprint DCSS version 0.27.1-1-g398f81649c (webtiles) character file.

Game seed: 17879014995265574011

651 styxcanada the Unseen (level 7, -8/38 HPs)
             Began as a Spriggan Brigand on Sept 7, 2021.
             Was an Initiate of Gozag.
             Mangled by a wandering mushroom (16 damage)
             ... in the Dungeon (Sprint IV: "Fedhas' Mad Dash").
             The game lasted 00:04:01 (682 turns).

styxcanada the Unseen (Spriggan Brigand)             Turns: 682, Time: 00:04:01

Health: -8/38      AC:  3    Str:  7    XL:     7   Next: 28%
Magic:  15/15      EV: 21    Int: 13    God:    Gozag
Gold:   90         SH:  0    Dex: 18    Spells: 13/16 levels left

rFire    . . .     SeeInvis +   a - +2 dagger
rCold    . . .     Faith    .   (shield restricted)
rNeg     + . .     Spirit   .   n - +0 robe {rN+}
rPois    .         Reflect  .   (helmet restricted)
rElec    .         Harm     .   m - +0 cloak {Stlth+}
rCorr    .         Rampage  .   (gloves unavailable)
Will     +....     NoTele   +   (boots unavailable)
Stlth    ++++......             f - amulet of invisibility {+Inv}
HPRegen  0.12/turn              (no ring)
MPRegen  0.14/turn              (no ring)

@: confused, very slightly contaminated, very quick
A: very small, no large weapons, unfitting armour, see invisible, speed 3
a: Renounce Religion, Evoke Invisibility, Potion Petition, Call Merchant, Bribe
Branch


You were in the Dungeon.
You worshipped Gozag.
Gozag was noncommittal.
You visited 1 branch You collected 358 gold pieces.
You spent 268 gold pieces at shops.

Inventory:

Hand Weapons
 a - a +2 dagger (weapon)
Missiles
 d - 6 poisoned darts (quivered)
 e - 2 curare-tipped darts
Armour
 m - a +0 cloak of stealth (worn)
 n - a +0 robe of positive energy (worn)
Jewellery
 f - the amulet of invisibility (around neck) {+Inv}
   (You found it in the Dungeon)

   [amulet of nothing]

   +Inv:      It lets you turn invisible.
Scrolls
 k - a scroll of blinking
 l - 3 scrolls of vulnerability {unknown}
Potions
 h - a potion of haste
 i - 2 potions of magic
 j - a potion of berserk rage


   Skills:
 * Level 4.3 Fighting
 + Level 4.1 Short Blades
 + Level 5.0 Throwing
 * Level 6.9 Dodging
 * Level 16.7 Stealth
 * Level 5.3 Spellcasting
 * Level 3.2 Summonings
 + Level 3.5 Evocations


You had 13 spell levels left.
You knew the following spells:

 Your Spells              Type           Power      Damage    Failure   Level
a - Call Canine Familiar  Summ           11%        N/A       14%         3

Your spell library contained the following spells:

 Spells                   Type           Power      Damage    Failure   Level
 Summon Small Mammal      Summ           44%        N/A       4%          1
 Summon Guardian Golem    Hex/Summ       7%         N/A       28%         3


Dungeon Overview and Level Annotations

Branches:
Dungeon (1/1)

Altars:
Cheibriados
Dithmenos
Elyvilon
Gozag
Hepliaklqana
Kikubaaqudgha
Makhleb
Nemelex Xobeh
Okawaru
Qazlal
Ru
Sif Muna
Trog
Uskayaw
Vehumet
Wu Jian
Xom
Yredelemnul
Zin
The Shining One
Beogh
Jiyva
Lugonu

Shops:
D [*


Innate Abilities, Weirdness & Mutations

You are very small and have problems with some larger weapons.
You are too small for most types of armour.
You have supernaturally acute eyesight. (SInv)
You cover ground extremely quickly. (Speed+++)


Message History

The wandering mushroom releases spores at you.
You are engulfed in a cloud of spores!
There is an entrance to Wotul's General Store here.
The wandering mushroom releases spores at you!
* * * LOW HITPOINT WARNING * * *
You are engulfed in a cloud of spores!
You are confused.
There is an entrance to Vucyem's Antique Armour Emporium here.
Okay, then.
You are too confused!
You are too confused!
You feel much better.
The wandering mushroom releases spores at you.
You are engulfed in a cloud of spores!
You are more confused.
The scorpion closely misses you.
A scorpion is nearby!
A scorpion is nearby!
You are too confused!
You bump into the stone wall.
The scorpion misses you.
The wandering mushroom completely misses you.
You bump into the stone wall.
The scorpion misses you.
The wandering mushroom completely misses you.
A scorpion is nearby!
A scorpion is nearby!
A scorpion is nearby!
You feel less confused. The scorpion completely misses you.
The wandering mushroom releases spores at you!
* * * LOW HITPOINT WARNING * * *
You are engulfed in a cloud of spores!
You are confused.
The scorpion completely misses you.
The wandering mushroom completely misses you.
The scorpion misses you. The wandering mushroom misses you.
The scorpion barely misses you.
You bump into the stone wall.
The scorpion completely misses you.
The wandering mushroom releases spores at you!
You die...
Your body crumbles into a pile of gold.

########################
._._._._.⌠.#..'.))#....#
_._._._._..'..#[..#.s.$+
._._._._...#..###f##.(?#
$$
_._._._._..#.[##@s$'..(#
._._._._.⌠.#############
############ $ $$ $


You could see a wandering mushroom and a scorpion.

Vanquished Creatures
  A burning bush (D)
  A wandering mushroom (D)
  2 scorpions (D)
  3 oklob saplings (D)
  2 spriggans (D)
  A river rat (D)
  A rat (D)
11 creatures vanquished.

Vanquished Creatures (others)
  2 fungi (D)
2 creatures vanquished.

Grand Total: 13 creatures vanquished

Notes
Turn   | Place    | Note
-------+----------+-------------------------------------------
     0 | D        | styxcanada the Spriggan Brigand began the quest for the
                  | Orb.
     0 | D        | Reached XP level 1. HP: 10/10 MP: 2/2
    22 | D        | Reached skill level 7 in Stealth
    22 | D        | Reached XP level 2. HP: 11/15 MP: 3/3
   101 | D        | Noticed an oklob sapling
   103 | D        | Killed an oklob sapling
   104 | D        | Reached skill level 9 in Stealth
   104 | D        | Reached XP level 3. HP: 18/18 MP: 4/4
   105 | D        | Noticed a scorpion
   105 | D        | Found the amulet of invisibility {+Inv}
   119 | D        | Killed a scorpion
   120 | D        | Reached skill level 11 in Stealth
   120 | D        | Reached XP level 4. HP: 13/23 MP: 5/5
   278 | D        | Learned a level 3 spell: Call Canine Familiar
   285 | D        | Found an opulent altar of Gozag.
   285 | D        | Found a hazy altar of Hepliaklqana.
   285 | D        | Found a burning altar of Makhleb.
   285 | D        | Found a sparkling altar of Nemelex Xobeh.
   285 | D        | Found a snail-covered altar of Cheibriados.
   285 | D        | Found a sacrificial altar of Ru.
   285 | D        | Found a shimmering blue altar of Sif Muna.
   285 | D        | Found a shimmering altar of Xom.
   285 | D        | Found a basalt altar of Yredelemnul.
   286 | D        | Found a viscous altar of Jiyva.
   286 | D        | Found a bloodstained altar of Trog.
   286 | D        | Found an ornate altar of the Wu Jian Council.
   287 | D        | Found an iron altar of Okawaru.
   287 | D        | Found a shadowy altar of Dithmenos.
   287 | D        | Found a glowing silver altar of Zin.
   288 | D        | Found an ancient bone altar of Kikubaaqudgha.
   288 | D        | Found a hide-covered altar of Uskayaw.
   289 | D        | Found a stormy altar of Qazlal.
   289 | D        | Found a white marble altar of Elyvilon.
   289 | D        | Found a glowing golden altar of the Shining One.
   290 | D        | Became a worshipper of Gozag Ym Sagoz the Greedy
   291 | D        | Found a corrupted altar of Lugonu.
   291 | D        | Found a radiant altar of Vehumet.
   295 | D        | Reached skill level 12 in Stealth
   295 | D        | Reached skill level 1 in Summonings
   295 | D        | Reached XP level 5. HP: 28/28 MP: 3/9
   307 | D        | Reached skill level 13 in Stealth
   360 | D        | Reached skill level 5 in Dodging
   361 | D        | Reached skill level 14 in Stealth
   361 | D        | Reached skill level 1 in Evocations
   363 | D        | Reached XP level 6. HP: 32/32 MP: 8/12
   378 | D        | Found Wotul's General Store.
   378 | D        | Found Vucyem's Antique Armour Emporium.
   384 | D        | Bought a runed cloak for 180 gold pieces
   384 | D        | Bought a glowing robe for 88 gold pieces
   430 | D        | Noticed a burning bush
   430 | D        | Noticed a wandering mushroom
   431 | D        | Noticed a wandering mushroom
   434 | D        | Killed a burning bush
   435 | D        | Reached skill level 16 in Stealth
   659 | D        | Killed a wandering mushroom
   660 | D        | Reached skill level 5 in Throwing
   660 | D        | Reached skill level 5 in Spellcasting
   660 | D        | Reached XP level 7. HP: 38/38 MP: 13/15
   682 | D        | Mangled by a wandering mushroom

Illustrated notes

Levels and vault maps discovered:
D:        dungeon_sprint_fedhas [sprint_temple]

Skill      XL: |  1  2  3  4  5  6 |
---------------+-------------------+-----
Fighting       | 2 3 4 |  4.3
Dodging        | 2 4 5 6 |  6.9
Stealth        | 7 9 11 12 14 16 | 16.7
Throwing       | 3 4 5 |  5.0
Short Blades   | 3 4 |  4.1
Spellcasting   | 2 3 5 |  5.3
Summonings     | 1 2 3 |  3.2
Evocations     | 1 3 |  3.5

Action                   |  1- 3 |  4- 6 |  7- 9 || total
-------------------------+-------+-------+-------++-------
Melee: Dagger            |     4 |    14 |     9 ||    27
Throw: Dart              |    13 |       |     1 ||    14
 Abil: Evoke Invisibilit |       |     4 |       ||     4
  Use: Potion            |     1 |       |     1 ||     2
 Stab: Sleeping          |     1 |     6 |       ||     7
       Invisible         |       |     1 |     1 ||     2
Armor: Robe              |     1 |       |       ||     1
Dodge: Dodged            |     5 |     9 |    17 ||    31
